 Dungeon Crawl Stone Soup version 0.29-a0-414-g5075937ec3 (webtiles) character file.

Game seed: 7073775928663829374

51 Glafi the Gusty (level 3, -4/28 HPs)
             Began as a Draconian Air Elementalist on May 15, 2022.
             Slain by a gnoll
             ... wielding a +0 halberd
              (9 damage)
             ... on level 3 of the Dungeon.
             The game lasted 00:31:31 (2465 turns).

Glafi the Gusty (Draconian Air Elementalist)        Turns: 2465, Time: 00:31:32

Health: -4/28      AC:  5    Str: 12    XL:     3   Next: 58%
Magic:  6/6        EV: 12    Int: 15    God:
Gold:   93         SH:  0    Dex: 11    Spells: 5/6 levels left

rFire   . . .      SeeInvis .   d - +0 mace
rCold   . . .      Faith    .   (no shield)
rNeg    . . .      Spirit   .   (body armour unavailable)
rPois   .          Reflect  .   (helmet restricted)
rElec   .          Harm     .   (no cloak)
rCorr   .          Rampage  .   (no gloves)
Will    .....                   (no boots)
Stlth   ++........              (no amulet)
HPRegen 0.09/turn               (no ring)
MPRegen 0.10/turn               (no ring)

@: no status effects
A: AC +5, unfitting armour, cold-blooded
a: no special abilities


You were on level 3 of the Dungeon.
You visited 1 branch of the dungeon, and saw 3 of its levels.

You collected 135 gold pieces.
You spent 42 gold pieces at shops.

Inventory:

Hand Weapons
 d - a +0 mace (weapon)
 e - a +0 dagger
 f - a +0 short sword
 l - a +0 war axe
Armour
 b - a +0 leather armour
Scrolls
 k - a scroll of fear {unknown}
 m - a scroll of summoning {unknown}
Potions
 a - a potion of magic
 c - a potion of attraction
 g - a potion of haste {unknown}
 h - a potion of cancellation


   Skills:
 * Level 1.6 Fighting
 + Level 1.0 Maces & Flails
 + Level 2.2 Dodging
 + Level 2.0 Stealth
 + Level 0.2 Unarmed Combat
 - Level 2.0 Spellcasting
 + Level 1.0 Conjurations
 - Level 3.4 Air Magic


You had 5 spell levels left.
You knew the following spells:

 Your Spells              Type           Power      Damage    Failure   Level
a - Shock                 Conj/Air       32%        1d5       9%          1

Your spell library contained the following spells:

 Spells                   Type           Power      Damage    Failure   Level
 Static Discharge         Conj/Air       8%         N/A       13%         2
 Swiftness                Air            11%        N/A       16%         3
 Airstrike                Air            5%         N/A       47%         4
 Passage of Golubria      Tloc           1%         N/A       91%         4
 Silence                  Hex/Air        3%         N/A       97%         5
 Lehudib's Crystal Spear  Conj/Erth      1%         10d2      100%        8


Dungeon Overview and Level Annotations

Branches:
Dungeon (3/15)

Altars:

Shops:
D:2 !   D:3 :


Innate Abilities, Weirdness & Mutations

Your plain brown scales are hard. (AC +5)
You cannot fit into any form of body armour.
You are cold-blooded and may be slowed by cold attacks.


Message History

You sock the gnoll!
The gnoll is severely wounded.
The gnoll barely misses you.
The gnoll hits you from afar with a +0 halberd.
You hit the gnoll.
You kill the gnoll!
The gnoll closely misses you.
You hit the gnoll.
The gnoll is moderately wounded.
The gnoll completely misses you. The gnoll barely misses you.
You barely miss the gnoll.
The gnoll is moderately wounded.
The gnoll hits you but does no damage.
The gnoll hits you from afar with a +0 halberd.
The gnoll closely misses you.
The gnoll hits you from afar with a +0 halberd.
You are too injured to fight recklessly!
It was a potion of cancellation.
You feel magically purged. The gnoll closely misses you.
The gnoll hits you from afar with a +0 halberd.
You are too injured to fight recklessly!
As you read the scroll labelled NAGILAUZXA, it crumbles to dust.
It is a scroll of identify.
c - a potion of attraction The gnoll hits you with a +0 club.
* * * LOW HITPOINT WARNING * * *
The gnoll hits you from afar with a +0 halberd.
* * * LOW HITPOINT WARNING * * *
You are too injured to fight recklessly!
There are monsters nearby!
Your magic is already full.
Unknown command.
The gnoll hits you but does no damage. The gnoll hits you but does no damage.
You thump the gnoll!
The gnoll is almost dead.
The gnoll barely misses you. The gnoll hits you with a +0 flail.
* * * LOW HITPOINT WARNING * * *
The gnoll hits you from afar with a +0 halberd!
You die...

.## .. . ### .# ...
.. ####.#...#. ####
#.##..)......g
#...##..#.#####...#
#.......#.g.# #
####......#.#gg#
.........#...#@#
........#..∩..####.
.........#...#.....
..........#.#......
...#...#...#........
...#...#.##..#####..
.............# .
###.....####.#
#.....### .#


You could see 3 gnolls.

Vanquished Creatures
  An adder (D:2)
  A gnoll (D:3)
  A worm (D:2)
  A dart slug (D:2)
  4 endoplasms
  A giant cockroach (D:2)
  2 goblins (D:1)
  4 hobgoblins
  4 kobolds
  A quokka (D:2)
  2 ball pythons (D:2)
  2 bats (D:2)
  A frilled lizard (D:2)
  2 rats (D:2)
27 creatures vanquished.

Notes
Turn   | Place    | Note
-------+----------+-------------------------------------------
     0 | D:1      | Glafi the Draconian Air Elementalist began the quest for
                  | the Orb.
     0 | D:1      | Reached XP level 1. HP: 14/14 MP: 3/3
   131 | D:1      | Found a faded altar of an unknown god.
   922 | D:1      | Reached XP level 2. HP: 19/20 MP: 5/5
  1560 | D:2      | Found Etrejel's Distillery.
  1566 | D:2      | Bought a potion of curing for 42 gold pieces
  1993 | D:2      | Reached XP level 3. HP: 27/27 MP: 6/6
  2226 | D:2      | Reached skill level 1 in Fighting
  2226 | D:2      | Reached skill level 1 in Maces & Flails
  2423 | D:3      | Found Lujaesin's Book Boutique.
  2465 | D:3      | Slain by a gnoll

Illustrated notes

Levels and vault maps discovered:
D:1:      matt_arrival_refuge, layout_loops_ring, ebering_ecumenical_altar_mist
D:2:      layout_loops_ring, serial_shops, shop
D:3:      minmay_goblin_kobold_castle, layout_loops_cross, serial_shops,
          nicolae_diamond_shop, ebering_ghost_disaster_area,
          uniq_crazy_yiuf_cottage

Skill      XL: |  1  2  3 |
---------------+----------+-----
Dodging        | 2 |  2.2
Fighting       | 1 |  1.6
Maces & Flails | 1 |  1.0
Stealth        | 2 |  2.0
Unarmed Combat | |  0.2
Spellcasting   | |  2.0
Conjurations   | |  1.0
Air Magic      | |  3.4

Action                   || total
-------------------------++-------
Melee: Unarmed           ||    12
       Mace              ||    72
       Tailslap          ||     4
       Punch             ||     1
  Use: Potion            ||     4
       Scroll            ||     2
 Stab: Sleeping          ||     4
Armor: Skin              ||    32
Dodge: Dodged            ||    79

Table legend: (Time is in decaauts)
 A = Elapsed time spent in this place.
 B = Non-inter-level travel time spent in this place.
 C = Inter-level travel time spent in this place.
 D = Time resting spent in this place.
 E = Time spent auto-exploring this place.
 F = Levels seen in this place.
 G = Mean time per level.
                   A        B        C        D        E       F      G
               +--------+--------+--------+--------+--------+-----+--------+
         Total |   2494 |   2418 |     76 |    411 |   1593 |   3 |  831.3 |
       Dungeon |   2494 |   2418 |     76 |    411 |   1593 |   3 |  831.3 |
               +--------+--------+--------+--------+--------+-----+--------+

Top non-repeatable levels by time:
     D:1: 1399 daAuts
     D:2: 1047 daAuts
     D:3: 48 daAuts
